 Dungeon Crawl Stone Soup version 0.28-a0-1235-g7c8fac35f0 (webtiles) character file.

Game seed: 6988931936897957272

616 ReploidZero the Magician (level 7, 0/45 HPs)
             Began as a Djinni Conjurer on Dec 24, 2021.
             Was a Believer of Qazlal.
             Killed from afar by Ijyb (19 damage)
             ... with an iceblast
             ... on level 5 of the Dungeon.
             The game lasted 00:10:06 (4120 turns).

ReploidZero the Magician (Djinni Conjurer)          Turns: 4120, Time: 00:10:07

Health: 0/45       AC:  3    Str:  6    XL:     7   Next: 73%
Gold:   212        EV: 12    Int: 22    God:    Qazlal [**....] SH:  2 Dex: 11

rFire   + + .      SeeInvis .   f - +1 dagger
rCold   x . .      Faith    .   (no shield)
rNeg    . . .      Spirit   .   a - +1 robe
rPois   ∞          Reflect  .   (no helmet)
rElec   .          Harm     .   (no cloak)
rCorr   .          Rampage  .   (no gloves)
Will    .....                   (boots unavailable)
Stlth   +.........              d - amulet of regeneration
HPRegen 0.95/turn               (no ring)
MPRegen 0.00/turn               (no ring)

@: flying
A: sickness immunity, fire resistance 2, cold vulnerability 1, float, innate
caster, hp casting, extra vitality 1
a: Renounce Religion, Upheaval


You were on level 5 of the Dungeon.
You worshipped Qazlal.
Qazlal was pleased with you.
You visited 1 branch of the dungeon, and saw 5 of its levels.

You collected 212 gold pieces.

Inventory:

Hand Weapons
 f - a +1 dagger (weapon)
Armour
 a - a +1 robe (worn)
 q - a +1 robe of willpower
Jewellery
 b - an amulet of the acrobat
 d - an amulet of regeneration (around neck)
Scrolls
 c - a scroll of fear {unknown}
 h - a scroll of teleportation
 k - 2 scrolls of vulnerability {unknown}
 m - a scroll of enchant weapon
 n - a scroll of identify
 o - a scroll of blinking {unknown}
Potions
 e - a potion of invisibility
 g - a potion of curing {unknown}
 i - a potion of attraction {unknown}
 j - a potion of flight {unknown}
 l - a potion of heal wounds {unknown}
 p - a potion of degeneration {unknown}


   Skills:
 - Level 2.1 Dodging
 - Level 1.5 Stealth
 + Level 6.9 Spellcasting


You couldn't memorise any spells.
You knew the following spells:

 Your Spells              Type           Power      Damage    Failure   Level
a - Magic Dart            Conj           100%       1d8       1%          1
b - Searing Ray           Conj           74%        2d7       1%          2
c - Dazzling Flash        Conj/Hex       74%        N/A       1%          3
d - Fulminant Prism       Conj/Hex       18%        3d11      4%          4
e - Iskenderun's Mystic   Conj/Tloc      37%        2d9       4%          4
f - Beastly Appendage     Tmut           74%        N/A       1%          1
g - Blink                 Tloc           74%        N/A       1%          2
h - Static Discharge      Conj/Air       37%        N/A       1%          2
Your spell library was empty.

Dungeon Overview and Level Annotations

Branches:
Dungeon (5/15)
 Temple: D:4-7

Altars:
Ashenzari
Gozag
Qazlal
Sif Muna

Shops:
D:2 [

Annotations:
D:5 Ijyb


Innate Abilities, Weirdness & Mutations

You are immune to sickness and miasma.
You are immune to poison.
Your flesh is very heat resistant. (rF++)
You are vulnerable to cold. (rC-)
You float through the air rather than walking.
You learn spells naturally, not from books.
Your magical power is your life essence.
You have superior vitality. (+4 MHP)


Message History

You erupt in a blast of force!
The mystic blast hits the gnoll.
The gnoll is moderately wounded.
The gnoll is knocked back by the mystic blast.
The gnoll collides with the orc!
The orc is heavily wounded.
The gnoll is severely wounded.
The mystic blast hits the orc wizard!
You kill the orc wizard!
Qazlal accepts your kill.
You can now call upon nature to destroy your foes.
The mystic blast hits the orc!
You kill the orc!
Qazlal accepts your kill.
Casting: Iskenderun's Mystic Blast (dangerous; 4% risk of failure)
Confirm with . or Enter, or press ? or * to list all spells.
You erupt in a blast of force!
The mystic blast hits the orc!
You kill the orc!
Qazlal accepts your kill.
The mystic blast hits the gnoll!
You kill the gnoll!
Qazlal accepts your kill.
Unknown command.
Things that are here:
a +0 whip; a +0 dagger; a +1 robe of willpower Ijyb the Twisted Goblin comes into view.
She is wielding a +0 dagger and carrying a wand of iceblast (8).
Things that are here:
a +1 whip of venom; a +0 leather armour
Okay, then.
Things that are here:
a +0 war axe; a +0 leather armour; an orc corpse
Okay, then.
Things that are here:
a +0 whip; a +0 dagger; a +1 robe of willpower
q - a +1 robe of willpower Ijyb zaps a wand.
The mass of ice explodes!
The iceblast engulfs you!
You feel a painful chill!
A shadow comes into view.
Ijyb zaps a wand.
The mass of ice explodes!
The iceblast engulfs you!!
You feel a painful chill!
You die...

##........#
#...).....#
#.........#
#.(.......#
#.........#
#.[......(#
##).......####
#.....@.......
#....○....####
#.........#
#.........#
#....)g...#
##...)...##
##.....##
####W## #...#


You could see a shadow and Ijyb.

Vanquished Creatures
  Grinder (D:4)
  A gnoll sergeant (D:5)
  A jelly (D:4)
  A bullfrog skeleton (D:5)
  3 orc wizards
  7 gnolls
  7 adders
  2 adder skeletons (D:4)
  2 worms (D:2)
  2 dart slugs (D:1)
  13 orcs
  2 endoplasms
  3 giant cockroaches
  9 goblins
  2 hobgoblins
  2 jackals (D:2)
  4 quokkas
  7 ball pythons
  4 bats
  2 frilled lizards (D:3)
  7 kobolds
  5 rats
87 creatures vanquished.

Vanquished Creatures (collateral kills)
  3 orcs (D:3)
3 creatures vanquished.

Vanquished Creatures (others)
  5 fulminant prisms
  4 fungi (D:3)
9 creatures vanquished.

Grand Total: 99 creatures vanquished

Notes
Turn   | Place    | Note
-------+----------+-------------------------------------------
     0 | D:1      | ReploidZero the Djinni Conjurer began the quest for the
                  | Orb.
     0 | D:1      | Reached XP level 1. HP: 15/15 MP: 0/0
   269 | D:1      | Reached XP level 2. HP: 18/21 MP: 0/0
   630 | D:1      | Reached XP level 3. HP: 19/25 MP: 0/0
   630 | D:1      | Learned a level 1 spell: Beastly Appendage
   985 | D:2      | Reached skill level 4 in Spellcasting
  1325 | D:2      | Reached XP level 4. HP: 25/31 MP: 0/0
  1622 | D:2      | Found Weiseki's Antique Armour Shoppe.
  2095 | D:2      | Reached XP level 5. HP: 31/35 MP: 0/0
  2095 | D:2      | Learned a level 2 spell: Blink
  2889 | D:3      | Found a faded altar of an unknown god.
  2916 | D:3      | Prayed at the altar of an unknown god.
  2916 | D:3      | Became a worshipper of Qazlal Stormbringer
  2916 | D:3      | Reached * piety under Qazlal
  2932 | D:3      | Found a broken altar of Ashenzari.
  3301 | D:4      | Reached skill level 5 in Spellcasting
  3359 | D:4      | Reached XP level 6. HP: 25/40 MP: 0/0
  3558 | D:4      | Noticed Grinder
  3559 | D:4      | Paralysed by Grinder for 2 turns
  3846 | D:4      | Found an opulent altar of Gozag.
  3951 | D:4      | Paralysed by Grinder for 7 turns
  3958 | D:4      | Killed Grinder
  3959 | D:4      | Reached skill level 6 in Spellcasting
  3959 | D:4      | Reached XP level 7. HP: 42/45 MP: 0/0
  3959 | D:4      | Learned a level 2 spell: Static Discharge
  4076 | D:5      | Entered Level 5 of the Dungeon
  4110 | D:5      | Reached ** piety under Qazlal
  4113 | D:5      | Noticed Ijyb
  4118 | D:5      | Noticed a shadow
  4120 | D:5      | Killed from afar by Ijyb

Illustrated notes

Levels and vault maps discovered:
D:1:      minmay_arrival_up_and_down, layout_rooms, hangedman_decor_push
D:2:      layout_basic, serial_shops, nicolae_shop_waterfront,
          amcnicky_mini_pool_small, minmay_tetromino_i2
D:3:      layout_basic, lemuel_doored_altar, mainiacjoe_overflow_cross_hatched,
          shapermc_ecumenical_altar_acropolis, feat_on_display
D:4:      layout_rooms, mainiacjoe_overflow_alcove_2, uniq_grinder
D:5:      layout_rooms, mainiacjoe_overflow_six_doors_small, fountainhead,
          uniq_ijyb, uniq_crazy_yiuf_cottage

Skill      XL: |  1  2  3  4  5  6 |
---------------+-------------------+-----
Spellcasting   | 4 5 6 |  6.9
Dodging        | |  2.1
Stealth        | |  1.5

Action                   |  1- 3 |  4- 6 |  7- 9 || total
-------------------------+-------+-------+-------++-------
Melee: Dagger            |     4 |       |     1 ||     5
 Cast: Magic Dart        |    50 |    73 |     8 ||   131
       Searing Ray       |     2 |     7 |     1 ||    10
       Fulminant Prism   |       |     2 |     3 ||     5
       Iskenderun's Myst |       |     1 |     2 ||     3
Evoke: Wand              |       |     1 |       ||     1
  Use: Scroll            |       |     7 |       ||     7
Armor: Robe              |       |     3 |       ||     3
Dodge: Dodged            |    12 |     4 |     2 ||    18

Table legend: (Time is in decaauts)
 A = Elapsed time spent in this place.
 B = Non-inter-level travel time spent in this place.
 C = Inter-level travel time spent in this place.
 D = Time resting spent in this place.
 E = Time spent auto-exploring this place.
 F = Levels seen in this place.
 G = Mean time per level.
                   A        B        C        D        E       F      G
               +--------+--------+--------+--------+--------+-----+--------+
         Total |   4118 |   3980 |    138 |      0 |   3503 |   5 |  823.6 |
       Dungeon |   4118 |   3980 |    138 |      0 |   3503 |   5 |  823.6 |
               +--------+--------+--------+--------+--------+-----+--------+

Top non-repeatable levels by time:
     D:2: 1318 daAuts
     D:3: 998 daAuts
     D:1: 975 daAuts
     D:4: 781 daAuts
     D:5: 43 daAuts
